cohdb
Replays
Latest Replays
All Replays
Popular Replays
Top Player Replays
Match Explorer
How It Works
Community
CoH3 Stats
Reddit
Sign in to upload your games and track your stats! →
Sign in with Steam
Match 43707967
Unlisted
Match 43707967
Overview
Messages
Build Orders
End
Kradschützen Motorcycle Team
Selects Armored Support Battlegroup
250 Light Carrier
Panzergrenadier Squad
Construct Light Support Kompanie
Combat Half-tracks
Panzergrenadier Squad
Selects Superior Fire Drills
Construct Mechanized Kompanie
Panzerjäger Mechanized Group
254 Reconnaissance Tractor
Vehicle Survival Package
Construct Panzerarmee Kommand
Selects Salvage Kits
Selects Panzer Storm
Panzergrenadier Squad
Panzerjäger Mechanized Group
Panzer III L Medium Tank
Zed
Chunow
Toep
jackal2150
ßoo
Tactical Nuclear Cow
0
0
Comments
sign in to comment!
No comments posted yet!